 Dungeon Crawl Stone Soup version 0.29.0-13-gc9e81de378 (webtiles) character file.

Game seed: 17731564460032045071

274 SnakkuSnakku7 the Shooter (level 6, 0/43 HPs)
             Began as a Djinni Hunter on Sept 10, 2022.
             Slain by a white imp (3 damage)
             ... on level 4 of the Dungeon.
             The game lasted 00:03:37 (3236 turns).

SnakkuSnakku7 the Shooter (Djinni Hunter)           Turns: 3236, Time: 00:03:38

Health: 0/43       AC:  3    Str: 10    XL:     6   Next: 49%
Gold:   135        EV: 12    Int: 10    God:
                   SH:  0    Dex: 19

rFire   + + .      SeeInvis .   a - +0 shortbow
rCold   x . .      Faith    .   (shield currently unavailable)
rNeg    . . .      Spirit   .   c - +0 leather armour
rPois   ∞          Reflect  .   (no helmet)
rElec   .          Harm     .   (no cloak)
rCorr   .          Rampage  .   (no gloves)
Will    .....                   (boots unavailable)
Stlth   ++........              n - amulet of the acrobat
HPRegen 0.14/turn               (no ring)
MPRegen 0.00/turn               (no ring)

@: flying
A: sickness immunity, fire resistance 2, cold vulnerability 1, float, innate
caster, HP casting, extra vitality 1
a: no special abilities


You were on level 4 of the Dungeon.
You visited 1 branch of the dungeon, and saw 4 of its levels.

You collected 135 gold pieces.

Inventory:

Hand Weapons
 a - a +0 shortbow (weapon)
Armour
 c - a +0 leather armour (worn)
Jewellery
 n - an amulet of the acrobat (around neck)
Scrolls
 b - a scroll of immolation
 e - a scroll of enchant armour {unknown}
 g - 2 scrolls of magic mapping {unknown}
 h - 2 scrolls of noise {unknown}
 j - 2 scrolls of teleportation {unknown}
Potions
 d - 3 potions of curing {unknown}
 f - a potion of magic {unknown}
 i - a potion of mutation {unknown}
 l - 2 potions of brilliance
 m - a potion of cancellation


   Skills:
 - Level 2.0 Fighting
 + Level 6.1 Ranged Weapons
 - Level 2.1 Dodging
 - Level 0.7 Stealth


You had 2 spell levels left.
You knew the following spells:

 Your Spells              Type           Power      Damage    Failure   Level
a - Magic Dart            Conj           0%         1d3       45%         1
b - Poisonous Vapours     Pois/Air       0%         N/A       61%         2
Your spell library was empty.

Dungeon Overview and Level Annotations

Branches:
Dungeon (4/15)
 Temple: D:4-7

Altars:
Nemelex Xobeh
Xom


Innate Abilities, Weirdness & Mutations

You are immune to sickness and miasma.
You are immune to poison.
Your flesh is very heat resistant. (rF++)
You are vulnerable to cold. (rC-)
You float through the air rather than walking.
You learn spells naturally, not from books.
Your magical power is your life essence.
You have superior vitality. (+4 MHP)


Message History

The white imp grinds its teeth.
The white imp hits you but does no damage.
You shoot an arrow.
The arrow hits the white imp but does no damage.
The white imp is severely wounded.
The white imp gestures at you. The puff of frost hits you!!
You feel a terrible chill!
The white imp hits you but does no damage.
You are too injured to fight recklessly!
You are too injured to fight recklessly!
You are too injured to fight recklessly!
Fire: a) +0 shortbow
Press: ? - help, Q - select action, (/) - cycle Shift-Dir - straight line, f/p - white imp
Aim: a white imp (severely wounded, 65% to hit)
You shoot an arrow. The arrow closely misses the white imp.
The white imp barely misses you.
Unknown command.
Fire: a) +0 shortbow
Press: ? - help, Q - select action, (/) - cycle Shift-Dir - straight line, f/p - white imp
Aim: a white imp (severely wounded, 65% to hit)
You shoot an arrow.
The arrow hits the white imp but does no damage.
The white imp is severely wounded.
The white imp gestures at you. The puff of frost hits you.
You feel a terrible chill!
* * * LOW HITPOINT WARNING * * *
Fire: a) +0 shortbow
Press: ? - help, Q - select action, (/) - cycle Shift-Dir - straight line, f/p - white imp
Aim: a white imp (severely wounded, 65% to hit)
You shoot an arrow. The arrow barely misses the white imp.
The white imp gestures at you. The puff of frost hits you!
You feel a terrible chill!
* * * LOW HITPOINT WARNING * * *
The white imp hits you but does no damage.
Fire: a) +0 shortbow
Press: ? - help, Q - select action, (/) - cycle Shift-Dir - straight line, f/p - white imp
Aim: a white imp (severely wounded, 65% to hit)
You shoot an arrow. The arrow closely misses the white imp.
The white imp hits you.
You die...

#.# .# #. #.#
..#.##.# .#.##.#
# ...#.. P# #
#..#.# P§#
#.#..#.# ..
#.#..#.##.##?#
#......@5....#
#..<.........#
+..............#
#.##...........#
..
.............#
##
.##...........#
# .......#####.#
######## .#


You could see a white imp.

Vanquished Creatures
  A phantom (D:3)
  2 orc wizards (D:3)
  3 gnolls (D:3)
  3 adders (D:3)
  An ufetubus (D:4)
  2 worms
  2 dart slugs (D:2)
  8 orcs
  4 bats
  10 endoplasms
  7 giant cockroaches
  4 goblins
  A hobgoblin (D:1)
  3 jackals (D:2)
  7 kobolds
  2 quokkas (D:1)
  2 ball pythons (D:1)
  3 frilled lizards
  3 rats
68 creatures vanquished.

Vanquished Creatures (others)
  6 plants (D:1)
6 creatures vanquished.

Grand Total: 74 creatures vanquished

Notes
Turn   | Place    | Note
-------+----------+-------------------------------------------
     0 | D:1      | SnakkuSnakku7 the Djinni Hunter began the quest for the
                  | Orb.
     0 | D:1      | Reached XP level 1. HP: 18/18 MP: 0/0
    91 | D:1      | Reached XP level 2. HP: 23/23 MP: 0/0
   494 | D:1      | Reached XP level 3. HP: 25/28 MP: 0/0
   494 | D:1      | Learned a level 1 spell: Magic Dart
   503 | D:1      | Found a faded altar of an unknown god.
   542 | D:1      | Reached skill level 4 in Ranged Weapons
  1209 | D:2      | Reached XP level 4. HP: 33/33 MP: 0/0
  2409 | D:3      | Reached skill level 5 in Ranged Weapons
  2409 | D:3      | Reached XP level 5. HP: 38/38 MP: 0/0
  2409 | D:3      | Learned a level 2 spell: Poisonous Vapours
  2458 | D:3      | Noticed a phantom
  2486 | D:3      | Found a large runed translucent door.
  2486 | D:3      | Found a shimmering altar of Xom.
  2486 | D:3      | Found a large runed translucent door.
  2491 | D:3      | Killed a phantom
  2684 | D:3      | Reached XP level 6. HP: 41/43 MP: 0/0
  2901 | D:3      | Found a sparkling altar of Nemelex Xobeh.
  3035 | D:3      | Reached skill level 6 in Ranged Weapons
  3236 | D:4      | Slain by a white imp

Illustrated notes

Levels and vault maps discovered:
D:1:      dpeg_arrival_stonehenge_8_columns, layout_basic,
          chequers_ecumenical_altar_simple_redux, serial_bayou_lagoon_a,
          chequers_avenue
D:2:      layout_basic
D:3:      due_chaos_kobolds, layout_loops_cross, nemelex_spade_bored_becter,
          grunt_decor_mini_mirrors
D:4:      layout_basic, mainiacjoe_overflow_alcove_1, serial_demonic,
          serial_demonic_a, serial_demonic_e, serial_demonic_d,
          serial_demonic_d, uniq_edmund

Skill      XL: |  1  2  3  4  5  6 |
---------------+-------------------+-----
Ranged Weapons | 4 5 6 |  6.1
Fighting       | |  2.0
Dodging        | |  2.1
Stealth        | |  0.7

Action                   |  1- 3 |  4- 6 || total
-------------------------+-------+-------++-------
 Fire: Shortbow          |   100 |   128 ||   228
  Use: Scroll            |       |     4 ||     4
       Potion            |       |     1 ||     1
Armor: Leather armour    |    13 |    13 ||    26
Dodge: Dodged            |    42 |    56 ||    98
